 Dungeon Crawl Stone Soup version 0.29-a0-275-g389c0b56f3 (webtiles) character file.

Game seed: 8185843440676563189

50 davidthevgamer991 the Cudgeller (level 3, -23/33 HPs)
             Began as a Minotaur Berserker on Mar 9, 2022.
             Was a Believer of Trog.
             Annihilated by an ogre
             ... wielding a +0 giant club
              (26 damage)
             ... on level 2 of the Dungeon.
             The game lasted 00:06:12 (917 turns).

davidthevgamer991 the Cudgeller (Minotaur Berserker) Turns: 917, Time: 00:06:13

Health: -23/33     AC: 11    Str: 23    XL:     3   Next: 55%
Magic:  2/2        EV:  8    Int:  4    God:    Trog [**....]
Gold:   88         SH:  0    Dex:  9    Spells: 2/2 levels left

rFire   . . .      SeeInvis .   j - +2 short sword (venom)
rCold   + . .      Faith    .   (no shield)
rNeg    . . .      Spirit   .   c - +1 chain mail {rC+}
rPois   .          Reflect  .   (helmet restricted)
rElec   .          Harm     .   (no cloak)
rCorr   .          Rampage  .   (no gloves)
Will    .....                   l - +0 pair of boots
Stlth   ..........              (no amulet)
HPRegen 0.11/turn               (no ring)
MPRegen 0.08/turn               (no ring)

@: confused, lethally poisoned (-23 -> -25), ambrosia-drunk
A: horns 2, retaliatory headbutt
a: Renounce Religion, Berserk, Trog's Hand


You were on level 2 of the Dungeon.
You worshipped Trog.
Trog was pleased with you.
You visited 1 branch of the dungeon, and saw 2 of its levels.

You collected 88 gold pieces.

Inventory:

Hand Weapons
 a - a +0 mace
 j - a +2 short sword of venom (weapon)
 k - a +0 flail
Missiles
 e - 4 poisoned darts (quivered)
 m - 2 curare-tipped darts
Armour
 b - a +0 animal skin
 c - a +1 chain mail of cold resistance (worn)
 l - a +0 pair of boots (worn)
Scrolls
 d - a scroll of enchant armour {unknown}
 h - a scroll of silence {unknown}
Potions
 f - a potion of ambrosia
 g - a potion of curing {unknown}
 i - a potion of flight {unknown}


   Skills:
 + Level 4.3 Fighting
 + Level 4.4 Maces & Flails
 + Level 3.2 Armour
 + Level 2.3 Dodging


You had 2 spell levels left.
You didn't know any spells.
Your spell library was empty.

Dungeon Overview and Level Annotations

Branches:
Dungeon (2/15)

Altars:


Innate Abilities, Weirdness & Mutations

You have a pair of horns on your head.
You reflexively headbutt those who attack you in melee.


Message History

You closely miss the adder.
You feel sick. The endoplasm misses you. You furiously retaliate!
You headbutt the endoplasm. The adder barely misses you.
You hit the adder.
The adder is poisoned.
The adder is moderately wounded.
You feel sick. The adder bites you.
You are more poisoned.
The adder poisons you! The endoplasm barely misses you.
The adder completely misses you.
You barely miss the adder. Your headbutt misses the adder.
The adder is moderately wounded.
You feel sick. The endoplasm completely misses you.
The adder bites you but does no damage.
You hit the adder.
The adder is almost dead.
You feel sick.
You kill the adder!
Trog accepts your kill. The endoplasm freezes you.
You are frozen.
You resist.
Your Armour skill increases to level 3!
You feel sick. The endoplasm freezes you.
You are frozen.
You resist.
You hit the endoplasm.
You kill the endoplasm!
Trog accepts your kill.
You feel sick.
You closely miss the ogre.
You feel sick. The ogre hits you with a +0 giant club!
* * * LOW HITPOINT WARNING * * *
It was a potion of ambrosia.
You are confused.
You feel invigorated.
* * * LOW HITPOINT WARNING * * *
You feel sick.
An adder comes into view.
The ogre hits you with a +0 giant club!!
Ouch! That really hurt!
You die...

## ######... #......
#### #######.!.# #..
......>@O# #.#
#######.#K# ##.##
##†##.#
###...########..#
#/S
#...#......<....#
#?#
#.#...######.##.#
#.# #.##.##
#.##..#.# #.# #.##.#
#.###..# #.
#.##.#######....#...


You could see an ogre, an adder (wandering) and a kobold.

Vanquished Creatures
  A gnoll (D:1)
  An adder (D:2)
  A worm (D:2)
  2 dart slugs (D:1)
  An orc (D:2)
  2 bats (D:1)
  2 endoplasms
  2 goblins (D:1)
  2 jackals (D:1)
  A quokka (D:2)
  2 ball pythons (D:1)
  3 frilled lizards
  3 kobolds (D:1)
  2 rats
25 creatures vanquished.

Notes
Turn   | Place    | Note
-------+----------+-------------------------------------------
     0 | D:1      | davidthevgamer991 the Minotaur Berserker began the quest
                  | for the Orb.
     0 | D:1      | Reached XP level 1. HP: 19/19 MP: 0/0
   128 | D:1      | Reached XP level 2. HP: 19/27 MP: 1/1
   579 | D:1      | Reached XP level 3. HP: 32/33 MP: 2/2
   788 | D:2      | Reached ** piety under Trog
   902 | D:2      | Noticed an ogre
   916 | D:2      | HP: 1/33 [ogre/+0 giant club (14)]
   917 | D:2      | Annihilated by an ogre

Illustrated notes

Levels and vault maps discovered:
D:1:      dpeg_arrival_stonehenge_12_columns, layout_basic,
          dreamdust_princess_bridge, nrook_uturn, minmay_cupped
D:2:      layout_loops_ring, kennysheep_another_room, minmay_circle_x

Skill      XL: |  1  2  3 |
---------------+----------+-----
Fighting       | 4 |  4.3
Maces & Flails | 4 |  4.4
Armour         | 3 |  3.2
Dodging        | |  2.3

Action                   || total
-------------------------++-------
Melee: Mace              ||    36
       Headbutt          ||     6
       Short sword       ||    21
       Punch             ||     1
  Use: Potion            ||     1
Armor: Chain mail        ||    39
Dodge: Dodged            ||    41

Table legend: (Time is in decaauts)
 A = Elapsed time spent in this place.
 B = Non-inter-level travel time spent in this place.
 C = Inter-level travel time spent in this place.
 D = Time resting spent in this place.
 E = Time spent auto-exploring this place.
 F = Levels seen in this place.
 G = Mean time per level.
                   A        B        C        D        E       F      G
               +--------+--------+--------+--------+--------+-----+--------+
         Total |    925 |    925 |      0 |      0 |      0 |   2 |  462.5 |
       Dungeon |    925 |    925 |      0 |      0 |      0 |   2 |  462.5 |
               +--------+--------+--------+--------+--------+-----+--------+

Top non-repeatable levels by time:
     D:1: 788 daAuts
     D:2: 136 daAuts
